 Dungeon Crawl Stone Soup version 0.29-a0-96-g93358da72b (webtiles) character file.

Game seed: 17691120181293607682

41 dracfodder the Skirmisher (level 3, 0/24 HPs)
             Began as a Gargoyle Berserker on Feb 11, 2022.
             Was a Follower of Trog.
             Shot with a stone by a goblin (2 damage)
             ... on level 2 of the Dungeon.
             The game lasted 00:04:42 (1810 turns).

dracfodder the Skirmisher (Gargoyle Berserker)      Turns: 1810, Time: 00:04:43

Health: 0/24       AC:  8    Str: 22    XL:     3   Next: 52%
Magic:  3/3        EV: 10    Int:  7    God:    Trog [*.....]
Gold:   79         SH:  2    Dex:  9    Spells: 2/2 levels left

rFire   . . .      SeeInvis .   a - +0 mace
rCold   . . .      Faith    .   g - +0 buckler
rNeg    + . .      Spirit   .   b - +0 ring mail
rPois   ∞          Reflect  .   (no helmet)
rElec   +          Harm     .   (no cloak)
rCorr   .          Rampage  .   (no gloves)
Will    .....                   (no boots)
Stlth   ..........              (no amulet)
HPRegen 0.08/turn               (no ring)
MPRegen 0.08/turn               (no ring)

@: on berserk cooldown, slowed, very slow
A: sickness immunity, AC +3, negative energy resistance 1, electricity
resistance, torment resistance 1, petrification resistance
a: Renounce Religion, Berserk


You were on level 2 of the Dungeon.
You worshipped Trog.
Trog was aware of your devotion.
You visited 1 branch of the dungeon, and saw 3 of its levels.

You collected 79 gold pieces.

Inventory:

Hand Weapons
 a - a +0 mace (weapon)
Missiles
 c - 9 sling bullets
 e - 29 bolts
 k - 28 stones (quivered)
Armour
 b - a +0 ring mail (worn)
 g - a +0 buckler (worn)
Scrolls
 d - 3 scrolls of identify {unknown}
 f - a scroll of immolation {unknown}
 h - a scroll of teleportation {unknown}
 j - 2 scrolls of magic mapping {unknown}
Potions
 i - 2 potions of mutation {unknown}
 l - a potion of attraction {unknown}


   Skills:
 * Level 3.8 Fighting
 + Level 3.8 Maces & Flails
 + Level 2.4 Armour
 + Level 1.7 Dodging


You had 2 spell levels left.
You didn't know any spells.
Your spell library was empty.

Dungeon Overview and Level Annotations

Branches:
Dungeon (3/15)

Altars:


Innate Abilities, Weirdness & Mutations

You are immune to sickness and miasma.
Your stone body is resilient. (AC +3)
You are immune to poison.
You resist negative energy. (rN+)
You are resistant to electric shocks. (rElec)
You are resistant to unholy torment.
You are immune to petrification.


Message History

You see here 16 bolts.
You hit the ball python.
The ball python is severely wounded.
You block the ball python's attack. The ball python barely misses you. x2
The ball python grabs you. The ball python constricts you.
* * * LOW HITPOINT WARNING * * *
A rat comes into view.
You closely miss the ball python.
The ball python is severely wounded.
The ball python bites you but does no damage.
The ball python constricts you.
The ball python bites you but does no damage.
The ball python constricts you.
A goblin comes into view. It is wielding a +2 vampiric dagger.
The ball python bites you but does no damage.
The ball python constricts you.
You completely miss the ball python.
The ball python is severely wounded.
The goblin shouts!
You block the ball python's attack. The ball python constricts you.
The goblin hits you but does no damage. The ball python bites you.
* * * LOW HITPOINT WARNING * * *
The ball python constricts you.
You sock the ball python!
You kill the ball python!
Trog accepts your kill. The goblin hits you with a +0 club.
* * * LOW HITPOINT WARNING * * *
The goblin barely misses you.
You sock the rat!
You kill the rat!
Trog accepts your kill. The goblin barely misses you.
The goblin drinks a potion.
The goblin flickers and vanishes!
Deactivating autopickup; reactivate with Ctrl-A.
The goblin hits you but does no damage.
The goblin unwields a +0 club.
The goblin wields a +0 hunting sling of flaming.
It bursts into flame!
The goblin shoots a stone.
The stone hits you.
You die...

#######
...#.....##
.......(@>##
......g....######
...........†....#
...........###..#
...........# ##
...........#
...........#
...........#
......#..


You could see a goblin.

Vanquished Creatures
  An adder (D:2)
  2 bats
  4 endoplasms
  A giant cockroach (D:1)
  8 goblins
  A hobgoblin (D:1)
  2 quokkas (D:1)
  3 ball pythons
  A frilled lizard (D:1)
  2 kobolds (D:1)
  5 rats
30 creatures vanquished.

Notes
Turn   | Place    | Note
-------+----------+-------------------------------------------
     0 | D:1      | dracfodder the Gargoyle Berserker began the quest for the
                  | Orb.
     0 | D:1      | Reached XP level 1. HP: 14/14 MP: 1/1
   497 | D:1      | Reached XP level 2. HP: 19/19 MP: 2/2
  1306 | D:1      | Reached XP level 3. HP: 23/24 MP: 3/3
  1808 | D:2      | HP: 1/24 [goblin (2)]
  1810 | D:2      | Shot with a stone by a goblin

Illustrated notes

Levels and vault maps discovered:
D:1:      minmay_arrival_hallway, layout_loops_corners,
          chequers_serial_rivers_small_a, minmay_octomino_c4
D:2:      layout_rooms, minmay_split_cup_small
D:3:      layout_basic, jmf_multi_god_temple2, cheibrodos_sewer_entry_drain,
          nicolae_wormholes, uniq_ijyb

Action                   || total
-------------------------++-------
Melee: Mace              ||    87
Invok: Berserk           ||     2
Armor: Ring mail         ||    49
Dodge: Dodged            ||    58
Block: Buckler           ||     8

Table legend: (Time is in decaauts)
 A = Elapsed time spent in this place.
 B = Non-inter-level travel time spent in this place.
 C = Inter-level travel time spent in this place.
 D = Time resting spent in this place.
 E = Time spent auto-exploring this place.
 F = Levels seen in this place.
 G = Mean time per level.
                   A        B        C        D        E       F      G
               +--------+--------+--------+--------+--------+-----+--------+
         Total |   1844 |   1821 |     23 |    606 |    871 |   3 |  614.7 |
       Dungeon |   1844 |   1821 |     23 |    606 |    871 |   3 |  614.7 |
               +--------+--------+--------+--------+--------+-----+--------+

Top non-repeatable levels by time:
     D:1: 1660 daAuts
     D:2: 119 daAuts
     D:3: 64 daAuts
